 Dungeon Crawl Stone Soup version 0.17.1-3-g152610e (webtiles) character file.

37 kaze the Caller (level 3, 0/27 HPs)
             Began as a Centaur Summoner on Apr 13, 2016.
             Slain by a jackal (2 damage)
             ... on level 2 of the Dungeon.
             The game lasted 00:05:35 (1687 turns).

kaze the Caller (Centaur Summoner)                  Turns: 1687, Time: 00:05:36

Health: 0/27       AC:  5    Str: 10    XL:     3   Next: 21%
Magic:  2/5        EV: 10    Int: 15    God:
Gold:   42         SH:  0    Dex:  9    Spells: 2 memorised, 2 levels left

rFire  . . .     SeeInvis .     g - +0 whip (pain)
rCold  . . .     Clarity  .     a - +0 robe
rNeg   . . .     SustAt   .     (no shield)
rPois  .         Gourm    .     (no helmet)
rElec  .         Spirit   .     h - +0 cloak
rCorr  .         Warding  .     (no gloves)
rMut   .         Stasis   .     (no barding)
MR     .....                    (no amulet)
Stlth  +.........               (no ring)
                                (no ring)

@: very slightly contaminated, invisible, very quick, not resistant to hostile
enchantments, very unstealthy
A: hooves 3, deformed body, speed 2, tough skin 3
a: no special abilities


You were on level 2 of the Dungeon.
You were not hungry.

You visited 1 branch of the dungeon, and saw 2 of its levels.

You collected 42 gold pieces.

Inventory:

Hand Weapons
 f - a +0 dagger
 g - a +0 whip of pain (weapon)
Armour
 a - a +0 robe (worn)
 h - a +0 cloak (worn)
Scrolls
 d - 2 scrolls of identify {unknown}
 e - 2 scrolls of magic mapping {unknown}
Potions
 k - a potion of lignification {unknown}
Books
 b - a book of Callings

   Spells                             Type                      Level
   a - Summon Small Mammal            Summoning                    1
   b - Call Imp                       Summoning                    2
   c - Call Canine Familiar           Summoning                    3
   d - Summon Guardian Golem          Hexes/Summoning              3
   e - Summon Lightning Spire         Summoning/Air                4
   f - Summon Ice Beast               Ice/Summoning                4
Comestibles
 i - a beef jerky
 j - a royal jelly


   Skills:
 + Level 0.8 Fighting
 + Level 0.1 Maces & Flails
 + Level 1.8 Dodging
 + Level 1.3 Stealth
 + Level 1.8 Spellcasting
 + Level 4.0 Summonings


You had 2 spell levels left.
You knew the following spells:

 Your Spells              Type           Power        Failure   Level  Hunger
a - Summon Small Mammal   Summ           ##..         4%          1    ##.....
b - Call Imp              Summ           ##......     8%          2    ###....


Dungeon Overview and Level Annotations

Branches:
Dungeon (2/15)

Altars:
Ashenzari


Innate Abilities, Weirdness & Mutations

You have hooves in place of feet.
Armour fits poorly on your strangely shaped body.
You cover ground very quickly.
You have extremely tough skin (AC +3).


Message History

The jackal is moderately wounded.
The jackal closely misses you.
The jackal bites you but does no damage.
The jackal closely misses you.
You catch the helpless jackal completely off-guard!
You hit the jackal but do no damage. Your kick misses the jackal.
The jackal is moderately wounded.
The jackal barely misses you.
The jackal bites you but does no damage.
The jackal barely misses you. x2
You catch the helpless jackal completely off-guard!
You hit the jackal.
The jackal is heavily wounded.
The jackal bites you.
* * * LOW HITPOINT WARNING * * *
The jackal closely misses you. The jackal barely misses you.
You hit the jackal but do no damage. Your kick misses the jackal.
The jackal is heavily wounded.
The jackal bites you.
You die...

####.....##.....
#........##§....
##......[5......
#.....†..#.....
#......†.#.....
###.###....#h....
#...# #....#.....
###h### ###.##.....
#.@h# #........
#.###.# ###......
#.....# #......
#.###.# ###......
#...# #........
#...### ###........
#.....# #..........
#.###5###5...##....
#.###......#####...


You could see 2 jackals.

Vanquished Creatures
  A worm (D:2)
  2 giant cockroaches (D:1)
  2 hobgoblins (D:1)
  8 jackals
  3 bats
  A giant newt (D:1)
17 creatures vanquished.

Vanquished Creatures (collateral kills)
  An adder (D:2)
  2 goblins
  A hobgoblin (D:2)
  A kobold (D:2)
  2 bats (D:2)
  A giant gecko (D:2)
  3 giant newts (D:2)
  3 jackals (D:1)
  A rat (D:1)
15 creatures vanquished.

Grand Total: 32 creatures vanquished

Notes
Turn   | Place    | Note
--------------------------------------------------------------
     0 | D:1      | kaze the Centaur Summoner began the quest for the Orb.
     0 | D:1      | Reached XP level 1. HP: 14/14 MP: 3/3
     2 | D:1      | Noticed a ghoul
     2 | D:1      | Noticed a demonspawn
     4 | D:1      | Noticed a felid
     4 | D:1      | Noticed a centaur
     6 | D:1      | Noticed a demigod
     6 | D:1      | Noticed a naga
     8 | D:1      | Noticed a spriggan
     8 | D:1      | Noticed a minotaur
    10 | D:1      | Noticed a formicid
    10 | D:1      | Noticed a vampire
    12 | D:1      | Noticed an ogre
    12 | D:1      | Noticed a vine stalker
    14 | D:1      | Noticed a gargoyle
    14 | D:1      | Noticed an octopode
    16 | D:1      | Noticed a troll
    16 | D:1      | Noticed a draconian
    20 | D:1      | Noticed a dwarf
    20 | D:1      | Noticed a tengu
    24 | D:1      | Noticed a merfolk
    24 | D:1      | Noticed an elf
    26 | D:1      | Noticed a human
   807 | D:1      | Reached XP level 2. HP: 20/20 MP: 4/4
   941 | D:1      | Learned a level 2 spell: Call Imp
  1252 | D:1      | Reached skill level 4 in Summonings
  1469 | D:2      | Found a shattered altar of Ashenzari.
  1511 | D:2      | Reached XP level 3. HP: 22/27 MP: 2/5
  1652 | D:2      | HP: 1/27 [jackal (2)]
  1687 | D:2      | Slain by a jackal

Action                   || total
-------------------------++-------
Melee: Dagger            ||    14
       Whip              ||    90
       Unarmed           ||     1
 Cast: Summon Small Mamm ||    14
       Call Imp          ||     7
  Use: Potion            ||     1
 Stab: Distracted        ||     2
       Invisible         ||     3
  Eat: Bread ration      ||     1
